 Dungeon Crawl Stone Soup version 0.20.0-3-g22ec75f (webtiles) character file.

1713 Rrauwl the Grappler (level 8, -8/102 HPs)
             Began as a Troll Assassin on May 27, 2017.
             Was a Believer of Hepliaklqana.
             Mangled by a troll (13 damage)
             ... on level 6 of the Dungeon.
             The game lasted 00:17:27 (5547 turns).

Rrauwl the Grappler (Troll Assassin)                Turns: 5547, Time: 00:17:27

Health: -8/102     AC:  6    Str: 24 (26) XL:     8   Next: 74%
Magic:  7/7        EV:  9    Int: 10 (12) God:    Hepliaklqana [**....]
Gold:   86         SH:  0    Dex: 10 (12) Spells: 5/7 levels left

rFire    . . .     SeeInvis .   a - +3 dagger
rCold    . . .     Gourm    +   (no shield)
rNeg     . . .     Faith    .   c - +0 robe
rPois    .         Spirit   .   (helmet restricted)
rElec    .         Reflect  .   d - +0 cloak
rCorr    .         Harm     .   (gloves unavailable)
MR       .....                  (boots unavailable)
Stlth    ..........             (no amulet)
Regen    0.7/turn               j - +5 ring of intelligence
MPRegen  0.1/turn               u - +6 ring of slaying

@: berserking, lethally poisoned (-8 -> -31), very quick
A: unfitting armour, reduced essence, claws 3, fast metabolism 3, gourmand,
regeneration 1, shaggy fur 1, tough skin 2
a: Recall Ancestor, Ancestor Identity, Renounce Religion


You were on level 6 of the Dungeon.
You worshipped Hepliaklqana.
Hepliaklqana was pleased with you.
You were completely stuffed.

You visited 2 branches of the dungeon, and saw 7 of its levels.

You collected 176 gold pieces.
You spent 90 gold pieces at shops.

Inventory:

Hand Weapons
 a - a +3 dagger (weapon)
Armour
 c - a +0 robe (worn)
 d - a +0 cloak (worn)
Jewellery
 j - a +5 ring of intelligence (left claw)
 u - a +6 ring of slaying (right claw)
Wands
 v - a wand of flame (24/48)
 A - a wand of confusion (44/48)
Scrolls
 f - 3 scrolls of amnesia
 m - 5 scrolls of remove curse
 p - 2 scrolls of immolation
 r - 2 scrolls of teleportation
 y - a scroll of enchant armour
Potions
 b - 5 potions of curing
 i - a potion of agility
 k - a potion of lignification
 l - 4 potions of brilliance
 o - 4 potions of berserk rage
 t - a potion of magic
Books
 n - a book of Minor Magic

   Spells                             Type                      Level
   a - Magic Dart                     Conjuration                  1
   b - Blink                          Translocation                2
   c - Call Imp                       Summoning                    2
   d - Slow                           Hexes                        2
   e - Conjure Flame                  Conjuration/Fire             3
   f - Mephitic Cloud                 Conjuration/Poison/Air       3
 s - a book of Conjurations

   Spells                             Type                      Level
   a - Magic Dart                     Conjuration                  1
   b - Searing Ray                    Conjuration                  2
   c - Dazzling Spray                 Conjuration/Hexes            3
   d - Fulminant Prism                Conjuration/Hexes            4
   e - Force Lance                    Conjuration/Translocation    4
   f - Iskenderun's Mystic Blast      Conjuration                  4
Comestibles
 g - 9 bread rations
 h - 7 meat rations
 q - 3 chunks of flesh
 B - 4 fruits


   Skills:
 + Level 3.6 Fighting
 - Level 1.5 Short Blades
 - Level 2.0 Throwing
 - Level 1.0 Dodging
 - Level 2.1 Stealth
 + Level 10.2 Unarmed Combat


You had 5 spell levels left.
You knew the following spells:

 Your Spells              Type           Power        Failure   Level  Hunger
a - Blink                 Tloc           N/A          50%         2    ###....


Dungeon Overview and Level Annotations

Branches:
Dungeon (6/15)             Temple (1/1) D:5

Altars:
Ashenzari
Cheibriados
Dithmenos
Elyvilon
Gozag
Hepliaklqana
Kikubaaqudgha
Makhleb
Nemelex Xobeh
Okawaru
Qazlal
Ru
Sif Muna
Trog
Vehumet
Xom
Yredelemnul
Zin
The Shining One

Shops:
D:6 ?

Annotations:
D:6 1 transporter


Innate Abilities, Weirdness & Mutations

You are too large for most types of armour.
You have claws for hands.
Your metabolism is lightning-fast.
You like to eat raw meat.
Your natural rate of healing is unusually fast.
You are covered in fur. (AC +1)
You have very tough skin. (AC +2)
Your life essence is reduced. (-10% HP)


Message History

The troll closely misses you. The troll barely misses you.
The troll closely misses you.
You closely miss the troll.
You feel sick. The troll closely misses you.
The troll claws you but does no damage. The troll claws you!
You hit the crimson imp.
The crimson imp is moderately wounded.
You feel very sick. The four-headed hydra bites you.
The four-headed hydra barely misses you. x2
The four-headed hydra bites you!
* * * LOW HITPOINT WARNING * * *
You barely miss the crimson imp.
The crimson imp is moderately wounded.
* * * LOW HITPOINT WARNING * * *
You feel sick. The crimson imp hits you.
* * * LOW HITPOINT WARNING * * *
The troll bites you!
* * * LOW HITPOINT WARNING * * *
The troll claws you!
You die...

........########.)...# #.#.#####
........##...........## #.#.##...
........#..#########..###.#.##.##
........#.##.......##.....#.##.#.
........#.#8$#...#.8#..####.##.#.
........#.#.[.#.#...#...# #.##R#.
..........#?(.......#...# #.##...
..........#_$...5T..#©..# #.#####
..........#$$...@Ds.#..## #......
........#.#(!#...#..#.## #######
#########.#8$.#.#..8#.#
#.##...©...##.# #..#########..#
##...........## #############


You could see a four-headed hydra, a wolf spider, a troll and a crimson imp.

Vanquished Creatures
  A sky beast (D:6)
  An ice beast (D:6)
  A necrophage (D:6)
  A phantom (D:5)
  An ogre (D:6)
  2 scorpions
  A crimson imp (D:6)
  A bullfrog zombie (D:3)
  A jelly (D:6)
  A bullfrog skeleton (D:6)
  An orc priest (D:3)
  A centaur skeleton (D:4)
  2 iguanas (D:4)
  2 worker ants
  7 orc wizards
  A gnoll (D:4)
  8 adders
  A shadow imp (D:6)
  2 oozes
  An adder zombie (D:5)
  4 worms
  6 dart slugs
  7 leopard geckos
  20 orcs
  2 ball pythons (D:3)
  5 giant cockroaches
  9 goblins
  6 hobgoblins
  8 jackals
  A quokka (D:3)
  4 bats
  5 frilled lizards
  13 kobolds
  A leopard gecko skeleton (D:4)
  4 rats
  2 plants (D:3)
134 creatures vanquished.

Vanquished Creatures (collateral kills)
  An orc warrior (D:6)
  2 eyes of draining (D:4)
  A bullfrog zombie (D:6)
  2 orc wizards (D:6)
  An iguana (D:6)
  A hound skeleton (D:4)
  3 gnolls (D:6)
  An adder (D:6)
  2 leopard geckos
  2 orcs
  A giant cockroach (D:5)
  A quokka (D:6)
18 creatures vanquished.

Vanquished Creatures (others)
  A battlemage (D:6)
1 creature vanquished.

Grand Total: 153 creatures vanquished

Notes
Turn   | Place    | Note
-------+----------+-------------------------------------------
     0 | D:1      | Rrauwl the Troll Assassin began the quest for the Orb.
     0 | D:1      | Reached XP level 1. HP: 19/19 MP: 0/0
    75 | D:1      | Reached skill level 1 in Dodging
    83 | D:1      | Reached XP level 2. HP: 28/28 MP: 1/1
   712 | D:2      | Reached XP level 3. HP: 29/36 MP: 2/2
   889 | D:2      | Reached skill level 1 in Unarmed Combat
  1353 | D:3      | HP: 1/36 [worm (9)]
  1354 | D:3      | Reached XP level 4. HP: 1/44 MP: 3/3
  1441 | D:3      | Reached skill level 2 in Unarmed Combat
  1796 | D:3      | Reached skill level 3 in Unarmed Combat
  1796 | D:3      | Reached XP level 5. HP: 53/53 MP: 4/4
  2001 | D:3      | Reached skill level 4 in Unarmed Combat
  2135 | D:3      | Learned a level 2 spell: Blink
  2162 | D:3      | Reached XP level 6. HP: 43/61 MP: 5/5
  2240 | D:3      | You fall through a shaft for 2 floors!
  2240 | D:5      | Entered Level 5 of the Dungeon
  2259 | D:5      | Found a staircase to the Ecumenical Temple.
  2267 | Temple   | Entered the Ecumenical Temple
  2308 | Temple   | Became a worshipper of Hepliaklqana the Forgotten
  2490 | D:5      | Reached skill level 5 in Unarmed Combat
  2536 | D:5      | Found a sacrificial altar of Ru.
  3160 | D:4      | Reached * piety under Hepliaklqana
  3777 | D:4      | Found a bloodstained altar of Trog.
  3818 | D:4      | Reached skill level 6 in Unarmed Combat
  3835 | D:4      | Reached XP level 7. HP: 60/60 MP: 1/6
  4031 | D:5      | Reached skill level 7 in Unarmed Combat
  4334 | D:5      | Reached skill level 8 in Unarmed Combat
  4603 | D:6      | Reached XP level 8. HP: 67/67 MP: 7/7
  4664 | D:6      | Noticed a wolf spider
  4665 | D:6      | Found an ancient bone altar of Kikubaaqudgha.
  4675 | D:6      | Noticed a troll
  4678 | D:6      | Noticed a four-headed hydra
  4702 | D:6      | Reached ** piety under Hepliaklqana
  4707 | D:6      | Remembered your ancestor Rick as a battlemage
  4781 | D:6      | Found Loumegil's Magic Scroll Shoppe.
  4786 | D:6      | Reached skill level 9 in Unarmed Combat
  4794 | D:6      | Bought a scroll of enchant armour for 90 gold pieces
  5015 | D:6      | Reached skill level 10 in Unarmed Combat
  5173 | D:6      | Found a burning altar of Makhleb.
  5547 | D:6      | HP: 5/102 [troll (12)]
  5547 | D:6      | Mangled by a troll

Skill      XL: |  1  2  3  4  5  6  7  8 |
---------------+-------------------------+-----
Throwing       | 2 |  2.0
Dodging        | 1 |  1.0
Fighting       | 2 3 |  3.6
Unarmed Combat | 1 3 4 6 8 10 | 10.2
Short Blades   | |  1.5
Stealth        | |  2.1

Action                   |  1- 3 |  4- 6 |  7- 9 || total
-------------------------+-------+-------+-------++-------
Melee: Dagger            |   120 |   212 |   181 ||   513
       Punch             |       |     3 |     8 ||    11
Invok: Ancestor Identity |       |     1 |       ||     1
       Recall Ancestor   |       |       |     1 ||     1
       Ancestor Life: Ba |       |       |     1 ||     1
Evoke: Wand              |       |       |     1 ||     1
  Use: Potion            |       |     2 |     7 ||     9
       Scroll            |       |     8 |     2 ||    10
 Stab: Sleeping          |     3 |     6 |     2 ||    11
       Distracted        |       |     2 |       ||     2
  Eat: Chunk             |    10 |    24 |    21 ||    55
       Fruit             |       |     2 |       ||     2
Armor: Robe              |    43 |    64 |    53 ||   160
       Skin              |       |       |     6 ||     6
Dodge: Dodged            |    41 |    78 |    70 ||   189
